 Dungeon Crawl Stone Soup version 0.19.5 (webtiles) character file.

825 Monsterracer the Cleaver (level 7, -6/62 HPs)
             Began as a Deep Dwarf Fighter on Apr 18, 2017.
             Mangled by a mummy (15 damage)
             ... in an ossuary.
             The game lasted 00:13:20 (3168 turns).

Monsterracer the Cleaver (Deep Dwarf Fighter)       Turns: 3168, Time: 00:13:21

Health: -6/62      AC:  4    Str: 20    XL:     7   Next: 64%
Magic:  7/7        EV:  8    Int:  8    God:
Gold:   284        SH:  9    Dex: 14    Spells: 0 memorised, 6 levels left

rFire  . . .     SeeInvis .     a - +1 war axe
rCold  + . .     Gourm    .     d - +0 leather armour (curse)
rNeg   . . .     Faith    .     c - +0 shield
rPois  .         Spirit   .     (no helmet)
rElec  .         Reflect  .     (no cloak)
rCorr  .         Harm     .     s - +1 pair of gloves
MR     +....     Clarity  +     (no boots)
Stlth  +.........               (no amulet)
                                (no ring)
                                j - ring of protection from cold

@: non-regenerating
A: damage resistance, recharge devices, talons 1, clarity, deformed body, high
mp 1, sense surroundings 1, slow regeneration 3
a: Device Recharging


You were in an ossuary.
You were very hungry.

You visited 1 branch of the dungeon, and saw 6 of its levels.
You also visited: Ossuary.

You collected 284 gold pieces.

Inventory:

Hand Weapons
 a - a +1 war axe (weapon)
Armour
 c - a +0 shield (worn)
 d - a cursed +0 leather armour (worn)
 q - a +0 plate armour
 s - a +1 pair of gloves (worn)
Jewellery
 j - a ring of protection from cold (left hand)
Wands
 e - a wand of heal wounds (2/9)
 p - a wand of iceblast (7/15)
Scrolls
 h - 4 scrolls of identify
 i - 3 scrolls of remove curse
 o - 2 scrolls of immolation
Potions
 k - a potion of curing
 m - 2 potions of brilliance
 r - a potion of ambrosia
 u - 3 potions of flight
Comestibles
 f - 5 bread rations
 g - 4 meat rations
 l - a slice of pizza


   Skills:
 + Level 3.6 Fighting
 * Level 9.3 Axes
 - Level 3.2 Armour
 - Level 3.2 Shields


You had 6 spell levels left.
You didn't know any spells.

Dungeon Overview and Level Annotations

Branches:
Dungeon (6/15)
 Temple: D:4-7

Altars:
Dithmenos
Kikubaaqudgha
Nemelex Xobeh
Trog
Uskayaw
Vehumet


Innate Abilities, Weirdness & Mutations

You are resistant to damage.
You can recharge devices by infusing magical energy.
You passively map a small area around you.
You do not regenerate.
You have sharp toenails.
You possess an exceptional clarity of mind.
Armour fits poorly on your strangely shaped body.
You have an increased reservoir of magic. (+10% MP)


Message History

You slash the big kobold zombie! You claw the big kobold zombie.
The big kobold zombie is almost destroyed.
You hit the mummy. The big kobold zombie hits you.
You barely miss the big kobold zombie.
The big kobold zombie is almost destroyed.
You slash the mummy! The mummy hits you.
The big kobold zombie barely misses you.
You slash the big kobold zombie!
You destroy the big kobold zombie!
You hit the mummy but do no damage. You block the mummy's attack.
You barely miss the mummy.
The mummy is heavily damaged.
You hit the mummy.
The mummy is severely damaged.
The mummy hits you!
* * * LOW HITPOINT WARNING * * *
You hit the mummy but do no damage.
The mummy is severely damaged.
The mummy hits you!
You die...

, *#...., ###, ,
..... ##..## ...
.....##....##....
.................
*
*#...............
..............*
*#..M.....# +
*#.@....# ,
##....##, * *
#....# ,, ** ,
#....# , , ,
,#....# , #....#
,, , , #....# ,,,
*#....# , *#....#
, *


You could see a mummy.

Vanquished Creatures
  2 ogres
  An ice beast (D:6)
  3 orc priests
  An orc wizard (D:3)
  An iguana (D:5)
  Terence (D:2)
  Natasha (D:2)
  A worker ant (D:4)
  2 big kobold zombies (Ossuary)
  A hound skeleton (D:6)
  4 mummies (Ossuary)
  4 gnolls
  8 adders
  2 shadow imps (D:5)
  3 oozes
  2 worms (D:2)
  A dart slug (D:3)
  4 leopard geckos
  8 orcs
  2 ball pythons
  7 bats
  2 giant cockroaches
  3 gnoll zombies (Ossuary)
  4 goblins
  9 hobgoblins
  9 jackals
  11 kobolds
  4 frilled lizards
  A hobgoblin zombie (Ossuary)
  A kobold zombie (Ossuary)
  An orc zombie (Ossuary)
  A quokka skeleton (D:4)
  15 rats
120 creatures vanquished.

Notes
Turn   | Place    | Note
-------+----------+-------------------------------------------
     0 | D:1      | Monsterracer the Deep Dwarf Fighter began the quest for the Orb.
     0 | D:1      | Reached XP level 1. HP: 20/20 MP: 1/1
   209 | D:1      | Reached skill level 3 in Axes
   210 | D:1      | Reached XP level 2. HP: 25/27 MP: 2/2
   807 | D:1      | Reached XP level 3. HP: 22/33 MP: 3/3
   852 | D:2      | Reached skill level 4 in Axes
   974 | D:2      | Noticed Terence
   979 | D:2      | Killed Terence
   979 | D:2      | Reached skill level 5 in Axes
   979 | D:2      | Reached XP level 4. HP: 21/40 MP: 4/4
  1476 | D:2      | Noticed Natasha
  1479 | D:2      | Killed Natasha
  1479 | D:2      | Reached XP level 5. HP: 37/46 MP: 5/5
  1536 | D:2      | Reached skill level 6 in Axes
  2414 | D:3      | Reached skill level 7 in Axes
  2414 | D:3      | Reached XP level 6. HP: 38/55 MP: 6/6
  2689 | D:4      | Gained mutation: You have an increased reservoir of magic. (+10% MP) [potion of beneficial mutation]
  2745 | D:4      | Found an ancient bone altar of Kikubaaqudgha.
  2745 | D:4      | Found a radiant altar of Vehumet.
  2751 | D:4      | Found a shadowy altar of Dithmenos.
  2753 | D:4      | Found a sparkling altar of Nemelex Xobeh.
  2755 | D:4      | Found a hide-covered altar of Uskayaw.
  2758 | D:4      | Gained mutation: Armour fits poorly on your strangely shaped body. [potion of mutation]
  2758 | D:4      | Gained mutation: You possess an exceptional clarity of mind. [potion of mutation]
  2758 | D:4      | Gained mutation: You have sharp toenails. [potion of mutation]
  2766 | D:4      | Reached skill level 8 in Axes
  2801 | D:5      | Entered Level 5 of the Dungeon
  2854 | D:5      | Found a bloodstained altar of Trog.
  2896 | D:4      | Reached XP level 7. HP: 27/61 MP: 7/7
  3085 | D:6      | Reached skill level 9 in Axes
  3104 | D:6      | Found a sand-covered staircase.
  3115 | Ossuary  | Entered an ossuary
  3168 | Ossuary  | Mangled by a mummy

Skill      XL: |  1  2  3  4  5  6  7 |
---------------+----------------------+-----
Axes           | 3 5 7 8 9 |  9.3
Fighting       | 3 |  3.6
Armour         | |  3.2
Shields        | |  3.2

Action                   |  1- 3 |  4- 6 |  7- 9 || total
-------------------------+-------+-------+-------++-------
Melee: War axe           |   108 |   215 |    83 ||   406
       Kick              |       |     6 |    25 ||    31
Evoke: Wand              |       |       |     3 ||     3
  Use: Potion            |     5 |    12 |     2 ||    19
       Scroll            |       |     8 |     1 ||     9
 Stab: Sleeping          |     1 |       |       ||     1
  Eat: Chunk             |       |     7 |       ||     7
Armor: Scale mail        |    49 |    71 |       ||   120
       Plate armour      |       |    41 |       ||    41
       Leather armour    |       |       |    18 ||    18
Dodge: Dodged            |    41 |    59 |    26 ||   126
Block: Shield            |    45 |   107 |    28 ||   180
